Description

early wm drop. you can wall but no wall is fine if you want to spend your money optimal.

Replay - 2000 Atmosphären LE (44)

Build Order

Get SALT Encoding   

  12  0:00  SCV  
  13  0:12  SCV  
  14  0:17  Supply Depot  
  14  0:24  SCV  
  15  0:37  Refinery  
  15  0:38  SCV  
  16  0:44  Barracks  
  16  0:50  SCV  
  16  0:53  Refinery  
  17  1:03  SCV  
  18  1:15  SCV  
  19  1:31  Orbital Command, Marine  
  20  1:33  Factory  
  20  1:41  Supply Depot  
  20  1:49  Marine  
  21  1:56  SCV  
  22  2:07  Marine  
  23  2:08  SCV  at 2:15 2 scvs outta gas
  24  2:18  Starport  
  24  2:19  Factory Tech Lab  
  24  2:24  SCV, Armory  
  24  2:27  Marine  
  26  2:37  SCV  
  27  2:38  Widow Mine  
  29  2:46  Barracks Reactor  
  29  2:50  SCV  
  30  3:02  SCV  
  30  3:03  Medivac  
  30  3:04  Widow Mine  
  35  3:05  Supply Depot  
  35  3:16  Drilling Claws  
  35  3:26  Widow Mine  
  37  3:29  Command Center  
  37  3:32  Marine x2  
  38  3:38  SCV  
  40  3:47  Supply Depot, Widow Mine  
  42  3:52  Marine x2  
  44  3:56  SCV  
  44  4:02  Medivac  
  47  4:09  SCV  
  48  4:11  Supply Depot  
  48  4:15  Marine x2  
  50  4:28  SCV  
  50  4:30  Widow Mine  at 4:36 burrow upgrade done
  53  4:33  Marine x2  
  53  4:34  Supply Depot  
  55  4:44  SCV  
  56  4:51  Marine x2  
  56  4:52  Widow Mine  
  60  5:01  SCV  
  60  5:04  Supply Depot  
  55  5:07  Barracks x2  
  55  5:11  Marine x2  
  57  5:16  Orbital Command  
  47  5:33  Marine x2  
  47  5:35  SCV, Siege Tank  
  45  5:43  SCV x2  
  47  5:51  Command Center  
  47  5:53  Marine x2  
  47  5:54  Barracks Tech Lab x2  
  49  5:58  SCV x2  
  49  6:07  Engineering Bay x2  
  49  6:10  SCV x2  
  50  6:13  Siege Tank  
  50  6:17  Stimpack  
  54  6:19  Combat Shield  
  54  6:22  SCV  
  54  6:24  Marine x4  
  56  6:31  SCV  
  60  6:38  Terran Infantry Weapons Level 1  
  60  6:39  SCV x2  
  61  6:42  Marine x2  
  64  6:51  SCV  
  64  6:53  Marine x2  
  67  6:56  Barracks x2  
  67  6:59  Marine x2, Siege Tank  
  71  7:01  SCV x2  
  71  7:06  Orbital Command  
  74  7:10  Starport Reactor  
  74  7:14  Refinery x2, SCV x2  
  74  7:15  Marine x2  
  75  7:22  Terran Infantry Armor Level 1, Marine x2  
  78  7:27  Supply Depot  
  78  7:29  SCV x3  
  82  7:33  Marine x2  
  85  7:40  Widow Mine, Marine  
  85  7:43  Orbital Command  
  88  7:45  Barracks Reactor x2  
  88  7:47  SCV  
  90  7:54  SCV  
  90  7:56  Marine x4  
  93  7:59  SCV  
  93  8:00  Armory  *2nd facory rather
  95  8:06  SCV x2  
  95  8:11  Medivac x2, SCV  
  102  8:13  Marine x4  
  102  8:14  Widow Mine  
  102  8:18  SCV x2  
  102  8:19  Factory  
  109  8:23  Marine x4  
  114  8:31  Supply Depot, Marine x3  
  117  8:36  Supply Depot x2  
  117  8:45  Supply Depot  
  117  8:52  SCV x2, Marine x6  
  125  8:58  Marine x2, Siege Tank  
  130  9:04  Supply Depot  
  130  9:08  Factory Reactor  
  130  9:10  Supply Depot x2, Marine x6  
  130  9:16  Marine x2  
  138  9:21  Barracks x3  
  138  9:22  Command Center  
  138  9:28  Marine x2  
  138  9:30  Siege Tank  
  143  9:33  Supply Depot  
  143  9:34  Marine x4  
  143  9:38  Medivac x2  
  151  9:44  Marine x3  
  153  9:46  Widow Mine x2  
  153  9:50  SCV x3  
  161  9:53  Refinery x2  
  161  9:55  Marine x3  
Spawning Tool Build Advisor. Get it on Overwolf

Go to:

Details

  • Created by: lucahecker
  • Published on: Mar 13, 2022
  • Modified on: Mar 13, 2022
  • Patch: 4.11.0
  • Difficulty: Medium
Show
View Real Time Build Order
Export as new Build Order

Comments (0)

There are no comments. Be the first!

Create an account to comment!